 Dungeon Sprint DCSS version 0.16-a0-3841-g2612308 (console) character file.

58 Monkaria the Cleaver (level 4, -2/44 HPs)
             Began as a Hill Orc Fighter on Jan 30, 2015.
             Was a Priest of Makhleb.
             Slain by a deep elf demonologist
             ... wielding a +0 dagger
              (3 damage)
             ... in the Dungeon (Sprint VII: "The Pits").
             The game lasted 00:01:51 (318 turns).

Monkaria the Cleaver (Hill Orc Fighter)              Turns: 318, Time: 00:01:51

Health: -2/44      AC:  8    Str: 19    XL:     4   Next: 2%
Magic:  4/4        EV:  8    Int:  8    God:    Makhleb [***...]
Gold:   0          SH:  9    Dex: 10    Spells: 0 memorised, 3 levels left

rFire  . . .     SeeInvis .     a - +0 war axe
rCold  . . .     Clarity  .     s - +3 ring mail
rNeg   . . .     SustAb   .     c - +0 shield
rPois  .         Gourm    .     (no helmet)
rElec  .         Spirit   .     (no cloak)
rCorr  .         Warding  .     (no gloves)
rMut   .         NoTele   +     (no boots)
MR     .....                    (no amulet)
Stlth  ..........               (no ring)
                                (no ring)

@: not resistant to hostile enchantments, extremely unstealthy
A: no striking features
a: Minor Destruction, Lesser Servant of Makhleb, Renounce Religion


You were in the Dungeon.
You worshipped Makhleb.
Makhleb was most pleased with you.
You were not hungry.

You visited 1 branch

Inventory:

Hand weapons
 a - a +0 war axe (weapon)
 t - a +0 long sword of flaming
Armour
 c - a +0 shield (worn)
 s - a +3 ring mail (worn)
Scrolls
 k - a scroll of blinking
 o - 3 scrolls of remove curse
 p - 5 scrolls of amnesia
 q - a scroll of summoning
 r - 2 scrolls of vulnerability
Potions
 e - a potion of might
 f - 6 potions of curing
 g - 6 potions of heal wounds
 h - a potion of haste
 i - 4 potions of magic
 j - 3 potions of berserk rage
 n - 2 potions of invisibility
Comestibles
 d - 8 meat rations
 l - 40 fruits
 m - 7 bread rations


   Skills:
 + Level 6.3 Fighting
 * Level 8.4 Axes
 - Level 3.2 Armour
 - Level 3.2 Shields


You had 3 spell levels left.
You didn't know any spells.

Dungeon Overview and Level Annotations

Branches:
Dungeon (1/1)

Altars:
Ashenzari
Cheibriados
Dithmenos
Elyvilon
Fedhas
Gozag
Kikubaaqudgha
Makhleb
Nemelex Xobeh
Okawaru
Qazlal
Ru
Sif Muna
Trog
Vehumet
Xom
Yredelemnul
Zin
The Shining One
Beogh
Jiyva
Lugonu


Message History

You closely miss the deep elf demonologist.
You slash the sheep!
The sheep is moderately wounded.
You slash the sheep!
You kill the sheep!
Makhleb accepts your kill.
You feel a little better.
Your Fighting skill increases to level 6!
Your Axes skill increases to level 8!
You have reached level 4!
You hit the giant gecko skeleton.
The jackal bites you but does no damage.
The sheep bites you!
* * * LOW HITPOINT WARNING * * *
The hippogriff closely misses you.
The hippogriff pecks you but does no damage.
The hippogriff completely misses you.
The giant gecko skeleton bites you but does no damage.
The deep elf demonologist hits you with a dagger.
You die...

########## #.........
#.he....... #H@# #Z.Y# #..#S#
#..##h# #..# #ยง# #..# #.#
#..################
#############..................
#__________##..................


You could see a deep elf demonologist, a guardian serpent, a hippogriff, a
sheep, 2 jackals and a giant gecko skeleton.

Vanquished Creatures
  A sheep (D)
  An adder (D)
  A river rat (D)
  A giant mite (D)
  A giant eyeball (D)
  An adder skeleton (D)
  2 giant geckos (D)
  A giant newt (D)
  A goblin (D)
  A rat (D)
11 creatures vanquished.

Notes
Turn   | Place    | Note
--------------------------------------------------------------
     0 | D        | Monkaria, the Hill Orc Fighter, began the quest for the Orb.
     0 | D        | Reached XP level 1. HP: 19/19 MP: 1/1
    38 | D        | Found a sacrificial altar of Ru.
    38 | D        | Found a shadowy altar of Dithmenos.
    38 | D        | Found a bloodstained altar of Trog.
    38 | D        | Found a deep blue altar of Sif Muna.
    38 | D        | Found a shimmering altar of Xom.
    38 | D        | Found a sparkling altar of Nemelex Xobeh.
    38 | D        | Found a corrupted altar of Lugonu.
    38 | D        | Found a viscous altar of Jiyva.
    39 | D        | Found a basalt altar of Yredelemnul.
    39 | D        | Found a glowing golden altar of the Shining One.
    39 | D        | Found a shattered altar of Ashenzari.
    39 | D        | Found a white marble altar of Elyvilon.
    39 | D        | Found a snail-covered altar of Cheibriados.
    39 | D        | Found a blossoming altar of Fedhas.
    39 | D        | Found a radiant altar of Vehumet.
    39 | D        | Found a burning altar of Makhleb.
    39 | D        | Found an ancient bone altar of Kikubaaqudgha.
    39 | D        | Found a glowing silver altar of Zin.
    39 | D        | Found a roughly hewn altar of Beogh.
    39 | D        | Found an iron altar of Okawaru.
    43 | D        | Found a stormy altar of Qazlal.
    44 | D        | Found an opulent altar of Gozag.
    54 | D        | Became a worshipper of Makhleb the Destroyer
    72 | D        | Paralysed by a giant eyeball for 2 turns
    77 | D        | Reached skill level 4 in Fighting
    77 | D        | Paralysed by a giant eyeball for 4 turns
    86 | D        | Acquired Makhleb's first power
    86 | D        | Reached skill level 5 in Axes
    86 | D        | Reached XP level 2. HP: 25/28 MP: 2/2
   124 | D        | Reached skill level 5 in Fighting
   124 | D        | Reached skill level 6 in Axes
   139 | D        | Acquired Makhleb's second power
   141 | D        | Reached XP level 3. HP: 32/36 MP: 3/3
   143 | D        | Reached skill level 7 in Axes
   151 | D        | Acquired Makhleb's third power
   315 | D        | Noticed a guardian serpent
   316 | D        | Noticed a hippogriff
   317 | D        | Noticed a deep elf demonologist
   318 | D        | Reached skill level 8 in Axes
   318 | D        | Reached XP level 4. HP: 8/44 MP: 4/4
   318 | D        | HP: 1/44 [sheep (7)]
   318 | D        | Slain by a deep elf demonologist

Action                   |  1- 3 |  4- 6 || total
-------------------------+-------+-------++-------
Melee: War axe           |    36 |       ||    36
